 Dungeon Crawl Stone Soup version 0.29.0-4-gdea44cf6ec (webtiles) character file.

Game seed: 16230498347132911173

3011 qw the Cleaver (level 9, -3/80 HPs)
             Began as a Minotaur Berserker on Sept 10, 2022.
             Was a High Priest of Trog.
             Slain by a hornet (16 damage)
             ... on level 8 of the Dungeon.
             The game lasted 00:02:46 (7940 turns).

qw the Cleaver (Minotaur Berserker)                 Turns: 7940, Time: 00:02:47

Health: -3/80      AC: 13    Str: 32    XL:     9   Next: 55%
Magic:  8/8        EV:  8    Int:  4    God:    Trog [*****.]
Gold:   439        SH:  0    Dex: 10    Spells: 8/8 levels left

rFire   + . .      SeeInvis +   g - +0 hand axe (chaos)
rCold   + . .      Faith    .   (no shield)
rNeg    . . .      Spirit   .   v - +0 plate armour
rPois   .          Reflect  .   (helmet restricted)
rElec   .          Harm     .   t - scarf {rC+ rF+}
rCorr   .          Rampage  .   c - +0 pair of gloves
Will    .....                   (no boots)
Stlth   ..........              n - amulet of the acrobat
HPRegen 0.23/turn               e - ring of see invisible
MPRegen 0.11/turn               i - +6 ring of strength

@: lethally poisoned (-3 -> -14), about to teleport, on berserk cooldown,
slowed, very slow
A: horns 2, retaliatory headbutt
a: Renounce Religion, Berserk, Trog's Hand, Brothers in Arms


You were on level 8 of the Dungeon.
You worshipped Trog.
Trog was extremely pleased with you.
You visited 1 branch of the dungeon, and saw 8 of its levels.
You also visited: Sewer.

You collected 439 gold pieces.


Innate Abilities, Weirdness & Mutations

You have a pair of horns on your head.
You reflexively headbutt those who attack you in melee.


   Skills:
 + Level 7.7 Fighting
 - Level 13.0 Axes
 - Level 3.2 Throwing
 - Level 6.0 Armour
 - Level 2.1 Dodging


You had 8 spell levels left.
You didn't know any spells.
Your spell library was empty.

Inventory:

Hand Weapons
 g - a +0 hand axe of chaos (weapon)
 u - a +2 vorpal flail
Missiles
 b - 7 boomerangs (quivered)
 x - 6 javelins
Armour
 c - a +0 pair of gloves (worn)
 k - a +0 cloak
 t - a scarf of resistance (worn)
 v - a +0 plate armour (worn)
Jewellery
 e - a ring of see invisible (left hand)
 i - a +6 ring of strength (right hand)
 l - a ring of protection from fire
 n - an amulet of the acrobat (around neck)
 s - an amulet of guardian spirit
 Y - a ring of protection from fire
Scrolls
 o - a scroll of identify
Potions
 a - a potion of heal wounds
 d - a potion of might {unknown}
 f - a potion of cancellation
 j - a potion of attraction {unknown}
 m - 3 potions of curing
 p - a potion of ambrosia {unknown}
 q - a potion of flight {unknown}
 r - a potion of resistance

Dungeon Overview and Level Annotations

Branches:
Dungeon (8/15)             Temple (0/1) D:5           Sewer (visited)
   Lair: D:8-11

Altars:
Dithmenos
Fedhas
Kikubaaqudgha
Trog
Wu Jian
Yredelemnul
The Shining One

Annotations:
D:7 2 transporters


Message History

You feel yourself speed up.
You feel less confused. The hornet misses you.
Things that are here:
a +0 club; 6 poisoned darts You closely miss the hornet.
The hornet is lightly wounded.
The hornet stings you!
You feel yourself slow down.
You barely miss the hornet. Your headbutt misses the hornet.
The hornet is lightly wounded.
The hornet stings you but does no damage. x2
You hit the hornet.
You feel better.
Your headbutt misses the hornet.
The hornet is lightly wounded.
The hornet stings you!
You are poisoned.
You feel as though you will be slow longer.
You slash the hornet! You drain the hornet.
The hornet is heavily wounded.
You hit the kobold. You burn the kobold.
You kill the kobold!
Trog accepts your kill.
You hit the kobold brigand. You freeze the kobold brigand.
You feel sick.
The hornet stings you but does no damage.
The hornet stings you.
You suddenly lose the ability to move!
You are no longer berserk.
You feel as though you will be slow longer.
You feel sick. The hornet stings you.
You are more poisoned.
You feel as though you will be slow longer.
The hornet stings you!
You feel as though you will be slow longer.
The kobold brigand hits you but does no damage.
You can move again.
7940 ||| READING scroll of teleportation.
As you read the scroll of teleportation, it crumbles to dust.
You feel strangely unstable.
You feel very sick. The hornet closely misses you. You furiously retaliate!
You headbutt the hornet. The hornet stings you!
You die...

................. .. #
#..##........##.# .# ..#
....###....>..#.##.##..##
...## ##................#
...# #.................#
...#####..#.....)...<...#
....<....##.....)........
##..#...>##..#..K).......
#.##.......###.@yK..>...
#.#.........##.K).......
#................)......
......##.#.#............
..........#..............
................../...##.
........................
......:.........
.#<............


You could see a hornet (berserk, drained), a kobold brigand and 2 kobolds.

Vanquished Creatures
  Pikel (D:6)
  Grinder (D:6)
  A dream sheep (shapeshifter) (D:7)
  Menkaure (D:4)
  Duvessa (D:6)
  2 orc warriors (D:7)
  A black bear (shapeshifter) (D:4)
  An ice beast (D:5)
  A centaur (D:8)
  2 lemures (D:6)
  Blork the orc (D:4)
  4 bullfrogs
  2 necrophages
  2 scorpions
  3 wights (D:8)
  Dowan (D:6)
  A lava snake (D:7)
  A jelly (D:6)
  2 orc priests
  2 hounds (D:5)
  An iguana (D:6)
  6 orc wizards
  20 adders
  4 gnolls (D:6)
  4 river rats
  An ufetubus (D:6)
  4 worms
  3 dart slugs
  34 orcs
  7 endoplasms
  A giant cockroach (D:2)
  4 goblins
  4 hobgoblins
  10 jackals
  9 kobolds
  5 quokkas
  26 ball pythons
  7 frilled lizards
  34 rats
215 creatures vanquished.

Vanquished Creatures (collateral kills)
  A river rat (Sewer)
1 creature vanquished.

Vanquished Creatures (others)
  An orc (D:3)
  An endoplasm (D:3)
  A ball python zombie (Sewer)
  A rat zombie (Sewer)
4 creatures vanquished.

Grand Total: 220 creatures vanquished

Notes
Turn   | Place    | Note
-------+----------+-------------------------------------------
     0 | D:1      | qw the Minotaur Berserker began the quest for the Orb.
     0 | D:1      | Reached XP level 1. HP: 19/19 MP: 0/0
     0 | D:1      | 0 ||| qw: Version: 0.1-a-116-g5d60599
     0 | D:1      | 0 ||| qw: Game counter: 7645
     0 | D:1      | 0 ||| qw: Always use a shield: true
     0 | D:1      | 0 ||| qw: Do Orc after D:15 true
     0 | D:1      | 0 ||| qw: Do second Lair branch before Depths: true
     0 | D:1      | 0 ||| qw: Lair rune preference: random
     0 | D:1      | 0 ||| qw: Plans: Normal
     0 | D:1      | 0 ||| PLANNING D:1-11
    66 | D:1      | 66 ||| Stepping ~*~*~tactically~*~*~ (stealth).
    68 | D:1      | 68 ||| Stepping ~*~*~tactically~*~*~ (hiding).
    70 | D:1      | 70 ||| Stepping ~*~*~tactically~*~*~ (hiding).
    79 | D:1      | Reached skill level 4 in Axes
   229 | D:1      | 229 ||| Stepping ~*~*~tactically~*~*~ (stealth).
   249 | D:1      | 249 ||| Stepping ~*~*~tactically~*~*~ (stealth).
   251 | D:1      | 251 ||| Stepping ~*~*~tactically~*~*~ (stealth).
   255 | D:1      | 255 ||| Stepping ~*~*~tactically~*~*~ (stealth).
   256 | D:1      | 256 ||| Stepping ~*~*~tactically~*~*~ (stealth).
   257 | D:1      | 257 ||| Stepping ~*~*~tactically~*~*~ (stealth).
   335 | D:1      | Found a faded altar of an unknown god.
   476 | D:1      | Reached XP level 2. HP: 25/26 MP: 1/1
   825 | D:1      | 825 ||| Stepping ~*~*~tactically~*~*~ (stealth).
  1015 | D:1      | 1015 ||| UPGRADING to +0 ring mail.
  1025 | D:1      | 1025 ||| DROPPING +0 animal skin.
  1026 | D:1      | 1026 ||| UPGRADING to +6 ring of strength.
  1027 | D:1      | 1027 ||| UPGRADING to ring of protection from fire.
  1028 | D:1      | 1028 ||| READING scroll labelled LEIKLA TUGU.
  1029 | D:1      | 1029 ||| READING scroll labelled QEZENL TOSOENAIH.
  1032 | D:1      | 1032 ||| READING scroll labelled DUIBO HINNEGARPH.
  1033 | D:1      | 1033 ||| DRINKING 2 metallic dark potions.
  1034 | D:1      | 1034 ||| DROPPING potion of brilliance.
  1065 | D:2      | 1065 ||| Stepping ~*~*~tactically~*~*~ (stealth).
  1176 | D:2      | 1176 ||| Stepping ~*~*~tactically~*~*~ (stealth).
  1183 | D:2      | Reached skill level 5 in Axes
  1183 | D:2      | Reached XP level 3. HP: 26/28 MP: 2/2
  1187 | D:2      | 1187 ||| Stepping ~*~*~tactically~*~*~ (stealth).
  1188 | D:2      | 1188 ||| Stepping ~*~*~tactically~*~*~ (stealth).
  1210 | D:2      | 1210 ||| Stepping ~*~*~tactically~*~*~ (stealth).
  1222 | D:2      | 1222 ||| Stepping ~*~*~tactically~*~*~ (stealth).
  1250 | D:2      | Found an ancient bone altar of Kikubaaqudgha.
  1271 | D:2      | Reached ** piety under Trog
  1571 | D:2      | 1571 ||| Stepping ~*~*~tactically~*~*~ (hiding).
  1613 | D:2      | Reached skill level 6 in Axes
  1613 | D:2      | Reached XP level 4. HP: 34/39 MP: 3/3
  1864 | D:2      | 1864 ||| UPGRADING to +0 pair of gloves.
  1869 | D:2      | 1869 ||| READING scroll labelled CEENEF YFIERO.
  1870 | D:2      | 1870 ||| READING scroll labelled CARGHI REMOTO.
  1871 | D:2      | 1871 ||| DRINKING 2 fizzy golden potions.
  1872 | D:2      | 1872 ||| DROPPING potion of degeneration.
  2109 | D:3      | 2109 ||| DROPPING +0 club.
  2187 | D:3      | 2187 ||| INVOKING Berserk.
  2434 | D:3      | Reached skill level 7 in Axes
  2434 | D:3      | Reached XP level 5. HP: 44/45 MP: 4/4
  2841 | D:3      | 2841 ||| UPGRADING to +0 chain mail.
  2851 | D:3      | 2851 ||| DROPPING +0 ring mail.
  2852 | D:3      | 2852 ||| UPGRADING to +0 cloak.
  2857 | D:3      | 2857 ||| READING scroll labelled CEWIZA XIUKHI.
  2998 | D:3      | 2998 ||| READING scroll labelled BEPLOU ALAMOKH.
  3146 | D:4      | Noticed Blork the orc
  3148 | D:4      | 3148 ||| INVOKING Berserk.
  3151 | D:4      | Killed Blork the orc
  3152 | D:4      | Reached XP level 6. HP: 55/55 MP: 5/5
  3412 | D:4      | Found a glowing golden altar of the Shining One.
  3566 | D:4      | Noticed Menkaure
  3569 | D:4      | 3569 ||| INVOKING Berserk.
  3572 | D:4      | Killed Menkaure
  3573 | D:4      | Reached skill level 8 in Axes
  3892 | D:4      | Noticed a shapeshifter
  3892 | D:4      | a hound changed into a shapeshifter
  3892 | D:4      | a shapeshifter changed into a black bear
  3898 | D:4      | 3898 ||| INVOKING Berserk.
  3899 | D:4      | Reached *** piety under Trog
  3900 | D:4      | Reached XP level 7. HP: 60/60 MP: 6/6
  4333 | D:4      | 4333 ||| UPGRADING to amulet of the acrobat.
  4338 | D:4      | 4338 ||| DROPPING ring of flight.
  4339 | D:4      | 4339 ||| READING scroll labelled ESOPPU XUICS.
  4340 | D:4      | 4340 ||| DRINKING 2 fizzy pink potions.
  4387 | D:5      | Entered Level 5 of the Dungeon
  4388 | D:5      | 4388 ||| PLANNING SEWER
  4425 | D:5      | Reached skill level 9 in Axes
  4567 | D:5      | Found a staircase to the Ecumenical Temple.
  4623 | D:5      | 4623 ||| Stepping ~*~*~tactically~*~*~ (hiding).
  4662 | D:5      | 4662 ||| Stepping ~*~*~tactically~*~*~ (stealth).
  5031 | D:5      | Found a glowing drain.
  5032 | D:5      | 5032 ||| DRINKING 2 fuming inky potions.
  5040 | Sewer    | Entered a sewer
  5072 | Sewer    | 5072 ||| Stepping ~*~*~tactically~*~*~ (water).
  5096 | Sewer    | Reached **** piety under Trog
  5119 | Sewer    | 5119 ||| Stepping ~*~*~tactically~*~*~ (water).
  5125 | Sewer    | Reached skill level 10 in Axes
  5263 | Sewer    | 5263 ||| Stepping ~*~*~tactically~*~*~ (water).
  5279 | Sewer    | 5279 ||| Stepping ~*~*~tactically~*~*~ (stealth).
  5280 | Sewer    | 5280 ||| Stepping ~*~*~tactically~*~*~ (stealth).
  5281 | Sewer    | 5281 ||| Stepping ~*~*~tactically~*~*~ (stealth).
  5333 | Sewer    | Reached ***** piety under Trog
  5343 | Sewer    | 5343 ||| INVOKING Berserk.
  5350 | Sewer    | Reached skill level 6 in Fighting
  5350 | Sewer    | Reached XP level 8. HP: 41/70 MP: 7/7
  5562 | Sewer    | 5562 ||| READING scroll labelled VOOFIO FIPSUMP.
  5563 | Sewer    | 5563 ||| READING scroll labelled YSIRCH NUAMOARA.
  5564 | Sewer    | 5564 ||| DRINKING 2 brown potions.
  5565 | Sewer    | 5565 ||| DRINKING 2 sapphire potions.
  5566 | Sewer    | 5566 ||| DROPPING potion of invisibility.
  5570 | D:5      | 5570 ||| PLANNING D:1-11
  5648 | D:6      | 5648 ||| INVOKING Berserk.
  5673 | D:6      | 5673 ||| FLEEEEING.
  5674 | D:6      | 5674 ||| FLEEEEING.
  5675 | D:6      | 5675 ||| FLEEEEING.
  5676 | D:6      | 5676 ||| FLEEEEING.
  5681 | D:6      | 5681 ||| STAIRDANCE
  5799 | D:6      | Found a bloodstained altar of Trog.
  5819 | D:6      | Noticed Pikel
  5824 | D:6      | 5824 ||| INVOKING Berserk.
  5833 | D:6      | Killed Pikel
  5834 | D:6      | Reached skill level 12 in Axes
  5958 | D:6      | 5958 ||| DROPPING +0 mace.
  6004 | D:6      | 6004 ||| Stepping ~*~*~tactically~*~*~ (hiding).
  6005 | D:6      | 6005 ||| Stepping ~*~*~tactically~*~*~ (hiding).
  6006 | D:6      | 6006 ||| Stepping ~*~*~tactically~*~*~ (hiding).
  6007 | D:6      | 6007 ||| Stepping ~*~*~tactically~*~*~ (hiding).
  6009 | D:6      | 6009 ||| Stepping ~*~*~tactically~*~*~ (hiding).
  6012 | D:6      | 6012 ||| INVOKING Berserk.
  6138 | D:6      | Noticed Grinder
  6139 | D:6      | 6139 ||| INVOKING Trog's Hand.
  6141 | D:6      | 6141 ||| INVOKING Berserk.
  6144 | D:6      | Killed Grinder
  6305 | D:6      | 6305 ||| Stepping ~*~*~tactically~*~*~ (stealth).
  6307 | D:6      | 6307 ||| Stepping ~*~*~tactically~*~*~ (stealth).
  6312 | D:6      | 6312 ||| Stepping ~*~*~tactically~*~*~ (stealth).
  6313 | D:6      | 6313 ||| Stepping ~*~*~tactically~*~*~ (stealth).
  6317 | D:6      | 6317 ||| Stepping ~*~*~tactically~*~*~ (hiding).
  6318 | D:6      | 6318 ||| Stepping ~*~*~tactically~*~*~ (hiding).
  6321 | D:6      | Found an ornate altar of the Wu Jian Council.
  6321 | D:6      | Found a blossoming altar of Fedhas.
  6321 | D:6      | Noticed Duvessa
  6324 | D:6      | Noticed Dowan
  6326 | D:6      | 6326 ||| INVOKING Berserk.
  6330 | D:6      | Killed Duvessa
  6331 | D:6      | Reached XP level 9. HP: 79/79 MP: 8/8
  6332 | D:6      | Killed Dowan
  6575 | D:6      | Found a shadowy altar of Dithmenos.
  6643 | D:6      | 6643 ||| UPGRADING to scarf of resistance.
  6653 | D:6      | 6653 ||| READING scroll labelled MEECRYADAR.
  6654 | D:6      | 6654 ||| DRINKING 2 viscous orange potions.
  6698 | D:6      | 6698 ||| DRINKING 2 inky potions.
  6699 | D:6      | 6699 ||| DROPPING potion of lignification.
  6911 | D:7      | Noticed a glowing shapeshifter
  6911 | D:7      | an ice beast changed into a glowing shapeshifter
  6911 | D:7      | a glowing shapeshifter changed into a dream sheep
  7026 | D:7      | Found a basalt altar of Yredelemnul.
  7042 | D:7      | Found an ancient bone altar of Kikubaaqudgha.
  7051 | D:7      | Found a transporter.
  7068 | D:7      | Found a transporter.
  7087 | D:7      | 7087 ||| DROPPING +2 whip of electrocution.
  7249 | D:7      | 7249 ||| Stepping ~*~*~tactically~*~*~ (stealth).
  7250 | D:7      | 7250 ||| Stepping ~*~*~tactically~*~*~ (stealth).
  7266 | D:7      | 7266 ||| Stepping ~*~*~tactically~*~*~ (stealth).
  7289 | D:7      | 7289 ||| Stepping ~*~*~tactically~*~*~ (stealth).
  7296 | D:7      | 7296 ||| INVOKING Berserk.
  7304 | D:7      | Reached skill level 13 in Axes
  7346 | D:7      | 7346 ||| DROPPING +0 flail.
  7386 | D:7      | 7386 ||| INVOKING Berserk.
  7781 | D:7      | 7781 ||| UPGRADING to +0 plate armour.
  7791 | D:7      | 7791 ||| DROPPING +0 chain mail.
  7792 | D:7      | 7792 ||| UPGRADING to ring of see invisible.
  7794 | D:7      | 7794 ||| UPGRADING to +6 ring of strength.
  7796 | D:7      | 7796 ||| DRINKING 2 fuming emerald potions.
  7797 | D:7      | 7797 ||| DROPPING potion of magic.
  7839 | D:8      | 7839 ||| Stepping ~*~*~tactically~*~*~ (hiding).
  7867 | D:8      | Reached skill level 6 in Armour
  7870 | D:8      | Reached skill level 3 in Throwing
  7924 | D:8      | 7924 ||| INVOKING Berserk.
  7938 | D:8      | Paralysed by a hornet for 1 turns
  7939 | D:8      | HP: 18/80 [hornet (14)]
  7940 | D:8      | 7940 ||| READING scroll of teleportation.
  7940 | D:8      | Slain by a hornet

Levels and vault maps discovered:
D:1:      minmay_arrival_open_corners, layout_basic,
          chequers_ecumenical_altar_simple_redux, minmay_surrounded
D:2:      minmay_chambers_of_ones, layout_rooms, basic_altar
D:3:      layout_loops_ring, minmay_crystal_room, minmay_misc_feat_alley,
          lemuel_flame_loot_1
D:4:      layout_loops_corners, tso_metal_star, minivault_14, uniq_menkaure,
          uniq_blork_the_orc
D:5:      layout_basic, minmay_temple_entry_mini_moons,
          lightli_sewer_entry_pipes, hangedman_decor_peaks_small,
          hangedman_decor_clover_reticule
D:6:      layout_rooms, chequers_temple_overflow_statue_of_worship, trog_book,
          hangedman_decor_slide_cut, uniq_duvessa, uniq_pikel, uniq_grinder
D:7:      layout_basic, gammafunk_temple_of_torment, kennysheep_donut,
          supply_closet_lemuel
D:8:      layout_cave_pools

Skill      XL: |  1  2  3  4  5  6  7  8  9 |
---------------+----------------------------+-----
Axes           | 4 5 6 7 8 10 12 13 | 13.0
Fighting       | 4 6 7 |  7.7
Armour         | 4 6 |  6.0
Throwing       | 2 3 |  3.2
Dodging        | |  2.1

Action                   |  1- 3 |  4- 6 |  7- 9 || total
-------------------------+-------+-------+-------++-------
Melee: Hand axe          |    80 |    90 |   305 ||   475
       Headbutt          |     9 |    11 |    31 ||    51
       Punch             |       |     2 |     2 ||     4
Throw: Boomerang         |       |       |    33 ||    33
Invok: Berserk           |       |     4 |     9 ||    13
       Trog's Hand       |       |       |     1 ||     1
  Use: Scroll            |     3 |     4 |     5 ||    12
       Potion            |     1 |     1 |     7 ||     9
 Stab: Confused          |       |       |     1 ||     1
Armor: Animal skin       |     2 |       |       ||     2
       Ring mail         |    13 |    17 |       ||    30
       Chain mail        |       |    15 |   110 ||   125
       Plate armour      |       |       |    16 ||    16
Dodge: Dodged            |    42 |    35 |   148 ||   225

Table legend:
 A = Non-vault XP
 B = Vault XP
 C = Vault XP percentage of total XP
 D = Non-vault monster count
 E = Vault monster count
 F = Vault count percentage of total count
                 A         B        C        D         E       F
            +---------+---------+-------+---------+---------+-------
      Total |    2531 |    1771 |  41.2 |     134 |      80 |  37.4
            +---------+---------+-------+---------+---------+-------
        D:1 |      18 |       6 |  25.0 |      10 |       2 |  16.7
        D:2 |      74 |      22 |  22.9 |      24 |       5 |  17.2
        D:3 |     110 |       0 |   0.0 |      20 |       0 |   0.0
        D:4 |     259 |     268 |  50.9 |      12 |       2 |  14.3
        D:5 |     337 |      71 |  17.4 |      15 |      10 |  40.0
        D:6 |     330 |    1041 |  75.9 |      14 |       4 |  22.2
        D:7 |     951 |       0 |   0.0 |      25 |       0 |   0.0
        D:8 |     452 |       0 |   0.0 |      14 |       0 |   0.0
      Sewer |       0 |     363 | 100.0 |       0 |      57 | 100.0
            +---------+---------+-------+---------+---------+-------
